 Dungeon Crawl Stone Soup version 0.21.0-22-g11d5b52 (webtiles) character file.

675 Mgcat the Skirmisher (level 7, -8/63 HPs)
             Began as a Minotaur Fighter on Jan 18, 2018.
             Killed from afar by an electric eel (11 damage)
             ... with a bolt of electricity
             ... on level 8 of the Dungeon.
             The game lasted 00:08:24 (4033 turns).

Mgcat the Skirmisher (Minotaur Fighter)             Turns: 4033, Time: 00:08:25

Health: -8/63      AC:  7    Str: 20    XL:     7   Next: 33%
Magic:  6/6        EV:  7    Int:  5    God:
Gold:   239        SH: 10    Dex: 12    Spells: 6/6 levels left

rFire    . . .     SeeInvis .   e - +4 whip
rCold    . . .     Gourm    .   c - +0 shield
rNeg     . . .     Faith    .   b - +0 scale mail
rPois    +         Spirit   .   (helmet restricted)
rElec    .         Reflect  .   (no cloak)
rCorr    .         Harm     .   (no gloves)
MR       +....                  (no boots)
Stlth    ..........             (no amulet)
HPRegen  0.20/turn              l - ring of poison resistance
MPRegen  0.10/turn              k - ring of protection from magic

@: very slightly contaminated
A: retaliatory headbutt, horns 2
a: no special abilities


You were on level 8 of the Dungeon.
You were not hungry.

You visited 1 branch of the dungeon, and saw 6 of its levels.

You collected 239 gold pieces.

Inventory:

Hand Weapons
 a - a +0 war axe
 e - a +4 whip (weapon)
 m - a -1 flail
Armour
 b - a +0 scale mail (worn)
 c - a +0 shield (worn)
Jewellery
 k - a ring of protection from magic (right hand)
 l - a ring of poison resistance (left hand)
Scrolls
 j - a scroll of identify
Potions
 d - a potion of curing {unknown}
 g - a potion of haste {unknown}
 h - 4 potions of flight {unknown}
 i - 3 potions of ambrosia
 p - a potion of agility
Comestibles
 f - 9 rations
 n - 4 chunks of flesh


   Skills:
 + Level 6.0 Fighting
 + Level 5.3 Axes
 + Level 6.0 Armour
 + Level 6.0 Shields


You had 6 spell levels left.
You didn't know any spells.

Dungeon Overview and Level Annotations

Branches:
Dungeon (5/15)
 Temple: D:4-7

Altars:
Uskayaw

Annotations:
D:4 barbarian's ghost, novice MiBe
D:5 Edmund


Innate Abilities, Weirdness & Mutations

You reflexively headbutt those who attack you in melee.
You have a pair of horns on your head.


Message History

The bolt of electricity hits you!
* * * LOW HITPOINT WARNING * * *
The orc priest hits you with a flail!
* * * LOW HITPOINT WARNING * * *
The orc moves out of view.
The kobold moves out of view.
An orc comes into view. It is wielding a mace.
Unknown command.
Unknown command.
Unknown command.
Blink to where?
Press: ? - help, Dir - move target cursor You are very lightly contaminated with residual magic.
As you read the scroll labeled ZEADEN NEKYERIATZ, it crumbles to dust.
It was a scroll of blinking.
An electric eel comes into view.
The electric eel shoots out a bolt of lightning at you!
The bolt of electricity hits the kobold.
The kobold dies!
The bolt of electricity hits you!
You die...

#### #≈P≈♣♣
#≈≈≈≈≈≈
###≈≈P≈PP≈
#..≈≈;≈≈≈≈
#.........
#.@♣
#####...##
#.§...#)
#.o.♣o#.o..
..≈≈Ph≈ ;≈o .
#...≈≈H≈o≈≈≈.
#.≈≈.≈≈≈≈P≈≈KK
#.≈P≈≈≈≈h≈.≈P.
#..≈.≈≈≈.≈≈. .


You could see a hippogriff, a howler monkey, a hound, 2 electric eels, an orc
priest and 4 orcs.

Vanquished Creatures
  Menkaure (D:4)
  A phantom (D:4)
  An ogre (D:4)
  2 scorpions (D:4)
  An orc priest (D:3)
  Robin (D:4)
  7 gnolls
  A river rat (D:3)
  5 adders
  An ooze (D:2)
  2 adder skeletons
  4 worms
  3 dart slugs
  4 leopard geckos
  6 orcs
  6 giant cockroaches
  13 goblins
  10 hobgoblins
  3 jackals (D:3)
  3 quokkas
  3 ball pythons
  A frilled lizard (D:3)
  5 kobolds
  2 quokka skeletons (D:4)
  10 rats
96 creatures vanquished.

Vanquished Creatures (others)
  A kobold (D:8)
1 creature vanquished.

Grand Total: 97 creatures vanquished

Notes
Turn   | Place    | Note
-------+----------+-------------------------------------------
     0 | D:1      | Mgcat the Minotaur Fighter began the quest for the Orb.
     0 | D:1      | Reached XP level 1. HP: 19/19 MP: 0/0
   198 | D:1      | Reached XP level 2. HP: 23/27 MP: 1/1
   759 | D:2      | Reached XP level 3. HP: 30/33 MP: 2/2
   996 | D:2      | Reached XP level 4. HP: 25/41 MP: 3/3
  1890 | D:3      | Reached XP level 5. HP: 25/47 MP: 4/4
  2339 | D:3      | Found a hide-covered altar of Uskayaw.
  2456 | D:3      | Reached skill level 5 in Shields
  2500 | D:3      | Reached skill level 5 in Fighting
  2500 | D:3      | Reached skill level 5 in Armour
  2729 | D:4      | Reached XP level 6. HP: 33/56 MP: 5/5
  2932 | D:4      | Noticed Menkaure
  2939 | D:4      | Killed Menkaure
  2999 | D:4      | Reached skill level 5 in Axes
  2999 | D:4      | Reached XP level 7. HP: 21/62 MP: 6/6
  3238 | D:4      | Noticed Robin
  3247 | D:4      | Killed Robin
  3406 | D:4      | Noticed barbarian's ghost (novice MiBe)
  4009 | D:5      | Entered Level 5 of the Dungeon
  4015 | D:5      | Noticed Edmund
  4031 | D:5      | You fall through a shaft for 3 floors!
  4031 | D:8      | Noticed a hippogriff
  4032 | D:8      | HP: 2/63 [orc priest/flail (8)]
  4033 | D:8      | Killed from afar by an electric eel

Skill      XL: |  1  2  3  4  5  6  7 |
---------------+----------------------+-----
Shields        | 4 5 6 |  6.0
Fighting       | 4 5 6 |  6.0
Armour         | 4 5 6 |  6.0
Axes           | 3 4 5 |  5.3

Action                   |  1- 3 |  4- 6 |  7- 9 || total
-------------------------+-------+-------+-------++-------
Melee: Whip              |    67 |   169 |    79 ||   315
       War axe           |     4 |       |       ||     4
       Headbutt          |    11 |    34 |    14 ||    59
  Use: Scroll            |       |     2 |     2 ||     4
       Potion            |       |     1 |       ||     1
  Eat: Chunk             |       |     6 |     4 ||    10
Armor: Scale mail        |    14 |    47 |    27 ||    88
Dodge: Dodged            |    12 |    46 |    12 ||    70
Block: Shield            |    39 |    72 |    36 ||   147
